 Dungeon Crawl Stone Soup version 0.18-a0-1562-gac8da35 (webtiles) character file.

87 abixa the Chopper (level 4, -1/37 HPs)
             Began as a Minotaur Gladiator on Mar 13, 2016.
             Killed by divine providence
             ... invoked by an orc priest
              (12 damage)
             ... on level 3 of the Dungeon.
             The game lasted 00:04:33 (1988 turns).

abixa the Chopper (Minotaur Gladiator)              Turns: 1988, Time: 00:04:34

Health: -1/37      AC:  4    Str: 20    XL:     4   Next: 28%
Magic:  3/3        EV: 12    Int:  5    God:
Gold:   131        SH:  0    Dex: 11    Spells: 0 memorised, 3 levels left

rFire  . . .     SeeInvis .     a - +0 war axe
rCold  . . .     Gourm    .     b - +0 leather armour
rNeg   . . .     Faith    .     (no shield)
rPois  .         Spirit   .     c - +0 hat
rElec  .         Dismiss  .     (no cloak)
rCorr  .         Reflect  .     i - +0 pair of gloves
SustAt .         Harm     .     (no boots)
MR     .....                    (no amulet)
Stlth  +.........               (no ring)
                                (no ring)

@: not resistant to hostile enchantments, very unstealthy
A: retaliatory headbutt, horns 2
a: no special abilities


You were on level 3 of the Dungeon.
You were not hungry.

You visited 1 branch of the dungeon, and saw 3 of its levels.

You collected 131 gold pieces.

Inventory:

Hand Weapons
 a - a +0 war axe (weapon)
 n - a +0 dagger of venom
Missiles
 d - 3 throwing nets (quivered)
 e - 100 stones
 g - 7 tomahawks
 o - 10 arrows of flame
 r - 22 bolts
Armour
 b - a +0 leather armour (worn)
 c - a +0 hat (worn)
 i - a +0 pair of gloves (worn)
Scrolls
 h - 3 scrolls of teleportation {unknown}
 k - a scroll of noise {unknown}
 l - 2 scrolls of identify {unknown}
 m - a scroll of blinking {unknown}
 s - a scroll of magic mapping {unknown}
 t - a scroll of enchant armour {unknown}
Books
 p - a book of Frost

   Spells                             Type                      Level
   a - Freeze                         Ice                          1
   b - Throw Frost                    Conjuration/Ice              2
   c - Ozocubu's Armour               Charms/Ice                   3
   d - Throw Icicle                   Conjuration/Ice              4
   e - Summon Ice Beast               Ice/Summoning                4
Comestibles
 f - 3 bread rations
 j - 2 meat rations
 q - a chunk of flesh


   Skills:
 - Level 2.4 Fighting
 + Level 6.2 Axes
 - Level 2.0 Throwing
 - Level 3.2 Dodging


You had 3 spell levels left.
You didn't know any spells.

Dungeon Overview and Level Annotations

Branches:
Dungeon (3/15)

Altars:
The Shining One


Innate Abilities, Weirdness & Mutations

You reflexively headbutt those who attack you in melee.
You have a pair of horns on your head.


Message History

Beogh smites you!
* * * LOW HITPOINT WARNING * * *
The orc barely misses you. The orc hits you but does no damage.
You barely miss the orc priest. Your headbutt misses the orc priest.
The orc priest is moderately wounded.
You barely miss the orc.
The orc is almost dead.
You barely miss the orc.
The orc is lightly wounded.
The orc priest misses you. The orc closely misses you.
The orc barely misses you.
You closely miss the orc priest.
The orc priest is moderately wounded.
You barely miss the orc.
The orc is lightly wounded.
You barely miss the orc.
The orc is almost dead.
The orc priest calls down the wrath of Beogh upon you.
Beogh smites you!
You die...

###..#### #.# ...
.....# #.# .. ####.#
#.# .. #.# ##.####
.# #.....# .#
####.....##.#.#
..............#
#...#...oo##.>.....
....#...@.# ######.
#...###o#######
##........o.o.#
#..###...###.####.##
# ###.# #†.......
#.# #o####.## #.#
#.# #.# #o# ..# #.#


You could see an orc priest and 2 orcs.

Vanquished Creatures
  4 adders
  An ooze (D:1)
  3 worms
  2 dart slugs
  A giant gecko (D:2)
  An orc (D:3)
  3 bats
  2 giant cockroaches (D:2)
  2 goblins (D:2)
  2 hobgoblins
  3 jackals (D:3)
  2 ball pythons (D:2)
  A giant newt (D:1)
  5 kobolds
  4 rats
36 creatures vanquished.

Notes
Turn   | Place    | Note
--------------------------------------------------------------
     0 | D:1      | abixa the Minotaur Gladiator began the quest for the Orb.
     0 | D:1      | Reached XP level 1. HP: 18/18 MP: 0/0
    48 | D:1      | Reached skill level 4 in Axes
   116 | D:1      | Reached XP level 2. HP: 19/25 MP: 1/1
   677 | D:1      | Reached skill level 5 in Axes
   840 | D:2      | Reached XP level 3. HP: 30/30 MP: 2/2
  1646 | D:3      | Reached XP level 4. HP: 37/37 MP: 3/3
  1724 | D:2      | Found a glowing golden altar of the Shining One.
  1754 | D:3      | Reached skill level 6 in Axes
  1988 | D:3      | Killed from afar by an orc priest

Vault maps used:
D:1:      dpeg_arrival_three_same_balls, kennysheep_nondescript, st_stairs_2,
          minmay_misc_feat_cross, minmay_misc_feat_five,
          minmay_misc_feat_secret_circle
D:2:      nicolae_overflow_hidden_temple, kennysheep_boxes
D:3:      first_bread

Skill      XL: |  1  2  3  4 |
---------------+-------------+-----
Axes           | 4 5 6 |  6.2
Fighting       | |  2.4
Throwing       | |  2.0
Dodging        | |  3.2

Action                   |  1- 3 |  4- 6 || total
-------------------------+-------+-------++-------
Melee: War axe           |    73 |    36 ||   109
  Eat: Chunk             |     1 |     2 ||     3
